 Dungeon Crawl Stone Soup version 0.29-a0-352-g0917bc69df (webtiles) character file.

Game seed: 3807038510860505304

47 spaghetti the Caller (level 3, 0/25 HPs)
             Began as a Gnoll Wanderer on Apr 24, 2022.
             Slain by an adder (3 damage)
             ... on level 2 of the Dungeon.
             The game lasted 00:04:11 (2301 turns).

spaghetti the Caller (Gnoll Wanderer)               Turns: 2301, Time: 00:04:11

Health: 0/25       AC:  2    Str: 10    XL:     3   Next: 70%
Magic:  6/7        EV: 11    Int: 18    God:
Gold:   87         SH:  5    Dex: 13    Spells: 4/7 levels left

rFire   . . .      SeeInvis .   a - +1 falchion {long}
rCold   . . .      Faith    .   b - +0 buckler
rNeg    . . .      Spirit   .   d - +0 robe
rPois   .          Reflect  .   (no helmet)
rElec   .          Harm     .   (no cloak)
rCorr   .          Rampage  .   (no gloves)
Will    .....                   (no boots)
Stlth   ++........              (no amulet)
HPRegen 0.08/turn               j - +6 ring of intelligence
MPRegen 0.10/turn               (no ring)

@: brilliant, lethally poisoned (0 -> -3)
A: fangs 1, strong nose, distributed training
a: no special abilities


You were on level 2 of the Dungeon.
You visited 1 branch of the dungeon, and saw 2 of its levels.

You collected 87 gold pieces.


Innate Abilities, Weirdness & Mutations

You have very sharp teeth.
Your uncanny sense of smell can sniff out nearby items.
Your experience applies equally to all skills.


   Skills:
 + Level 0.9 Fighting
 + Level 0.9 Short Blades
 + Level 4.5 Long Blades
 + Level 0.9 Axes
 + Level 0.9 Maces & Flails
 + Level 0.9 Polearms
 + Level 0.9 Staves
 + Level 0.9 Slings
 + Level 0.9 Bows
 + Level 0.9 Crossbows
 + Level 0.9 Throwing
 + Level 2.6 Armour
 + Level 0.9 Dodging
 + Level 0.9 Stealth
 + Level 4.5 Shields
 + Level 0.9 Unarmed Combat
 + Level 2.8 Spellcasting
 + Level 0.6 Conjurations
 + Level 0.6 Hexes
 + Level 7.1 Summonings
 + Level 0.6 Necromancy
 + Level 0.6 Translocations
 + Level 0.6 Transmutations
 + Level 0.6 Fire Magic
 + Level 0.6 Ice Magic
 + Level 0.6 Air Magic
 + Level 0.6 Earth Magic
 + Level 0.6 Poison Magic
 + Level 1.0 Invocations
 + Level 0.9 Evocations


You had 4 spell levels left.
You knew the following spells:

 Your Spells              Type           Power      Damage    Failure   Level
a - Summon Small Mammal   Summ           100%       N/A       1%          1
b - Call Imp              Summ           42%        N/A       1%          2

Your spell library contained the following spells:

 Spells                   Type           Power      Damage    Failure   Level
 Static Discharge         Conj/Air       7%         N/A       24%         2
 Animate Armour           Summ/Erth      48%        N/A       38%         4
 Dazzling Flash           Conj/Hex       14%        N/A       43%         3
 Agony                    Necr           7%         N/A       99%         5
 Lightning Bolt           Conj/Air       3%         1d15      99%         5
 Silence                  Hex/Air        3%         N/A       99%         5
 Maxwell's Capacitive Co  Air            3%         ∞         100%        8

Inventory:

Hand Weapons
 a - a +1 falchion (weapon) {long}
Missiles
 f - 43 stones {throwing}
 h - 6 poisoned darts {throwing}
Armour
 b - a +0 buckler (worn)
 d - a +0 robe (worn)
Jewellery
 j - a +6 ring of intelligence (left hand)
   (You found it on level 2 of the Dungeon)
Scrolls
 e - 2 scrolls of identify {@r1}

Dungeon Overview and Level Annotations

Branches:
Dungeon (2/15)

Altars:

### #....P. ... #..#...
#.# #.#..#...
#.#####.#..#..#
.#########.##....#..#...
...........##.#.....##.#
.........#...#.#.....##.#
....####.#.#.#.#.....##.#
........@#.#.#.#........#
##.###.S#.#............#
#.r#.##.##...#....#
#..#.##..#####....#
....#.###.## #....#
###.##.# #..# #....' ....
##.## #....# ###
#####.### #..# #....# #..
........######.###....#


You could see an adder (ally target) and a friendly quokka (summoned).


Message History

You kill the quokka!
No target in view!
No target in view!
No target in view!
No target in view!
No target in view!
No target in view!
No target in view!
No target in view!
No target in view!
No target in view!
No target in view!
An adder comes into view.
An adder is nearby!
An adder is nearby!
An adder is nearby!
The adder hisses angrily.
The adder bites you but does no damage.
You closely miss the adder. The adder bites you.
You are poisoned.
The adder poisons you! The adder bites you.
You are more poisoned.
The adder poisons you! 😕 HP[-3]
You take 3 damage, and now have 22/25 hp.
You closely miss the adder.
You feel sick. You block the adder's attack. 😕 HP[-2]
You take 2 damage, and now have 20/25 hp.
Casting: Summon Small Mammal (safe; 1% risk of failure)
Confirm with . or Enter, or press ? or * to list all spells.
You feel sick. The adder bites you.
You are more poisoned.
The adder poisons you!
The adder barely misses you. 😮 HP[-6] MP[-1]
You take 6 damage, and now have 14/25 hp.
MASSIVE DAMAGE!! (PAUSE)
You lost 1 mp, and now have 6/7 mp.
It was a potion of brilliance.
You feel clever all of a sudden.
* * * LOW HITPOINT WARNING * * *
You feel very sick. The adder closely misses you.
Your quokka barely misses the adder. 😨 HP[-3]
You take 3 damage, and now have 11/25 hp.
You aren't carrying any items that you can evoke.
Unknown command.
You aren't carrying any potions.
Unknown command.
You are brilliant.
You are seriously poisoned (11 -> 1).
Your movement speed is average.
Your attack delay is about 1.1.
Your base attributes are Str 10, Int 12, Dex 13.
You aren't carrying any potions.
Okay, then.
You aren't carrying any potions.
You aren't carrying any items that you can evoke.
As you read the scroll labelled KEYTIKKAMIU, it crumbles to dust.
It is a scroll of enchant weapon.
Your +0 falchion {long} glows red for a moment.
* * * LOW HITPOINT WARNING * * *
You feel sick. The adder barely misses you.
Your quokka completely misses the adder. 😨 HP[-2]
You take 2 damage, and now have 9/25 hp.
Unknown command.
Unknown command.
You are brilliant.
You are seriously poisoned (9 -> 1).
Your movement speed is average.
Your attack delay is about 1.1.
Your base attributes are Str 10, Int 12, Dex 13.
* * * LOW HITPOINT WARNING * * *
You feel sick.
Your quokka barely misses the adder.
You block the adder's attack. 😨 HP[-2]
You take 2 damage, and now have 7/25 hp.
You are brilliant.
You are seriously poisoned (7 -> 1).
Your movement speed is average.
Your attack delay is about 1.1.
Your base attributes are Str 10, Int 12, Dex 13.
Unknown command.
You aren't carrying any potions.
Unknown command.
Okay, then.
As you read the scroll labelled BIOTAK QADUTU, it crumbles to dust.
It is a scroll of identify.
You don't have any unidentified items.
* * * LOW HITPOINT WARNING * * *
You feel sick.
Your quokka closely misses the adder.
You block the adder's attack. 😱 HP[-1]
You take 1 damage, and now have 6/25 hp.
You are brilliant.
You are seriously poisoned (6 -> 1).
Your movement speed is average.
Your attack delay is about 1.1.
Your base attributes are Str 10, Int 12, Dex 13.
The adder attacks as you move away! The adder bites you.
* * * LOW HITPOINT WARNING * * *
x2 You feel sick.
Your quokka bites the adder. 😱 HP[-2]
You take 2 damage, and now have 4/25 hp.
You barely miss the adder. Your bite misses the adder.
* * * LOW HITPOINT WARNING * * *
You feel sick. The adder bites you.
You die...

Skill      XL: |  1  2  3 |
---------------+----------+-----
Invocations    | 1 |  1.0
Fighting       | |  0.9
Short Blades   | |  0.9
Long Blades    | |  4.5
Axes           | |  0.9
Maces & Flails | |  0.9
Polearms       | |  0.9
Staves         | |  0.9
Slings         | |  0.9
Bows           | |  0.9
Crossbows      | |  0.9
Throwing       | |  0.9
Armour         | |  2.6
Dodging        | |  0.9
Stealth        | |  0.9
Shields        | |  4.5
Unarmed Combat | |  0.9
Spellcasting   | |  2.8
Conjurations   | |  0.6
Hexes          | |  0.6
Summonings     | |  7.1
Necromancy     | |  0.6
Translocations | |  0.6
Transmutations | |  0.6
Fire Magic     | |  0.6
Ice Magic      | |  0.6
Air Magic      | |  0.6
Earth Magic    | |  0.6
Poison Magic   | |  0.6
Evocations     | |  0.9

Action                   || total
-------------------------++-------
Melee: Falchion          ||    87
       Bite              ||     7
 Cast: Summon Small Mamm ||    32
       Call Imp          ||     7
  Use: Potion            ||     3
       Scroll            ||     2
 Stab: Sleeping          ||     2
Armor: Robe              ||    22
Dodge: Dodged            ||    57
Block: Buckler           ||    26

Levels and vault maps discovered:
D:1:      dpeg_arrival_tiny_f, layout_rooms, minmay_door_square
D:2:      minmay_thinvault, layout_basic, basic_altar,
          dreamdust_ecumenical_altar_grove

Notes
Turn   | Place    | Note
-------+----------+-------------------------------------------
     0 | D:1      | spaghetti the Gnoll Wanderer began the quest for the Orb.
     0 | D:1      | spaghetti set off with the following items: a +0 falchion
                  | {long}, a +0 buckler, a potion of haste {@q3}, a +0 robe;
                  | and the following spell memorised: Summon Small Mammal; and
                  | the following spells available to memorise: Call Imp,
                  | Animate Armour
     0 | D:1      | Reached XP level 1. HP: 13/13 MP: 4/4
     0 | D:1      | magus.rc [v1.9.6]
   173 | D:1      | You pick up a book of Lightning and begin reading...
   173 | D:1      | You add the spells Static Discharge, Lightning Bolt and
                  | Maxwell's Capacitive Coupling to your library.
   401 | D:1      | HP: 3/13 [hobgoblin (1)]
   480 | D:1      | HP: 3/13 [frozen (3)]
   482 | D:1      | Reached XP level 2. HP: 4/19 MP: 2/5
   793 | D:1      | HP: 1/20 [quokka (5)]
  1223 | D:1      | Learned a level 2 spell: Call Imp
  1335 | D:1      | Reached XP level 3. HP: 24/25 MP: 1/7
  1404 | D:1      | You pick up a book of the Senses and begin reading...
  1404 | D:1      | You add the spells Dazzling Flash, Agony and Silence to
                  | your library.
  1962 | D:2      | Reached skill level 1 in Invocations
  2060 | D:2      | Found a faded altar of an unknown god.
  2299 | D:2      | HP: 6/25 [poisoned by an adder]
  2301 | D:2      | Slain by an adder

Vanquished Creatures
  5 ball pythons
  3 bats
  A giant cockroach (D:1)
  A goblin (D:1)
  3 hobgoblins (D:1)
  A kobold (D:1)
  2 quokkas
  2 frilled lizards (D:1)
  A rat (D:1)
19 creatures vanquished.

Vanquished Creatures (collateral kills)
  An adder (D:2)
  A worm (D:2)
  4 endoplasms
  3 hobgoblins (D:1)
  A quokka (D:1)
  A frilled lizard (D:1)
  A kobold (D:1)
  2 rats
14 creatures vanquished.

Vanquished Creatures (others)
  4 fungi (D:2)
  A plant (D:2)
5 creatures vanquished.

Grand Total: 38 creatures vanquished

Table legend:
 A = Non-vault XP
 B = Vault XP
 C = Vault XP percentage of total XP
 D = Non-vault monster count
 E = Vault monster count
 F = Vault count percentage of total count
                 A         B        C        D         E       F
            +---------+---------+-------+---------+---------+-------
      Total |      68 |       0 |   0.0 |      33 |       0 |   0.0
            +---------+---------+-------+---------+---------+-------
        D:1 |      41 |       0 |   0.0 |      25 |       0 |   0.0
        D:2 |      27 |       0 |   0.0 |       8 |       0 |   0.0
            +---------+---------+-------+---------+---------+-------

Illustrated notes

Table legend:
 A = Kills in this place as a percentage of kills in entire the game.
 B = Kills by you in this place as a percentage of kills by you in the entire game.
 C = Kills by friends in this place as a percentage of kills by friends in the entire game.
 D = Other kills in this place as a percentage of other kills in the entire game.
 E = Experience gained in this place as a percentage of experience gained in the entire game.
 F = Experience gained in this place divided by the number of levels of this place that you have seen.
                   A       B       C       D       E      F
               +-------+-------+-------+-------+-------+----------------------
         Total | 100.0 | 100.0 | 100.0 |   N/A | 100.0 |  34.0
       Dungeon | 100.0 | 100.0 | 100.0 |   N/A | 100.0 |  34.0
               +-------+-------+-------+-------+-------+----------------------

Table legend: (Time is in decaauts)
 A = Elapsed time spent in this place.
 B = Non-inter-level travel time spent in this place.
 C = Inter-level travel time spent in this place.
 D = Time resting spent in this place.
 E = Time spent auto-exploring this place.
 F = Levels seen in this place.
 G = Mean time per level.
                   A        B        C        D        E       F      G
               +--------+--------+--------+--------+--------+-----+--------+
         Total |   2292 |   2286 |      6 |    241 |   1733 |   2 | 1146.0 |
       Dungeon |   2292 |   2286 |      6 |    241 |   1733 |   2 | 1146.0 |
               +--------+--------+--------+--------+--------+-----+--------+

Top non-repeatable levels by time:
     D:1: 1798 daAuts
     D:2: 493 daAuts
